 Dungeon Crawl Stone Soup version 0.22-a0-271-gc000056 (webtiles) character file.

4950 Amnesiac the Demolition Dwarf (level 10, -5/81 HPs)
             Began as a Deep Dwarf Fighter on Mar 12, 2018.
             Was an Elder of Makhleb.
             Slain by an orc warrior
             ... wielding a +0 trident
              (12 damage)
             ... on level 10 of the Dungeon.
             The game lasted 00:18:45 (6845 turns).

Amnesiac the Demolition Dwarf (Deep Dwarf Fighter)  Turns: 6845, Time: 00:18:46

Health: -5/81      AC: 13    Str: 28    XL:     10   Next: 28%
Magic:  19/19      EV: 10    Int:  8    God:    Makhleb [****..]
Gold:   377        SH: 10    Dex: 12    Spells: 7/9 levels left

rFire    . . .     SeeInvis .   a - +0 broad axe
rCold    . . .     Gourm    +   c - +0 shield
rNeg     . . .     Faith    .   t - +4 scale mail
rPois    .         Spirit   .   C - +0 helmet
rElec    .         Reflect  .   (no cloak)
rCorr    .         Harm     .   k - +0 pair of gloves
MR       +....                  (no boots)
Stlth    ..........             I - amulet of the gourmand
HPRegen  0.00/turn              e - +4 ring of strength
MPRegen  0.16/turn              l - +3 ring of evasion

@: non-regenerating
A: damage resistance, heal wounds, sense surroundings 2, no regeneration
a: Heal Wounds, Minor Destruction, Lesser Servant of Makhleb, Major Destruction,
Renounce Religion


You were on level 10 of the Dungeon.
You worshipped Makhleb.
Makhleb was greatly pleased with you.
You were not hungry.

You visited 2 branches of the dungeon, and saw 11 of its levels.

You collected 587 gold pieces.
You spent 210 gold pieces at shops.

Inventory:

Hand Weapons
 a - a +0 broad axe (weapon)
 q - a +0 arbalest
 z - a cursed -2 blowgun
Missiles
 y - 16 poisoned needles
Armour
 c - a +0 shield (worn)
 k - a +0 pair of gloves (worn)
 t - a +4 scale mail (worn)
 C - a +0 helmet (worn)
Jewellery
 b - an uncursed ring of protection from fire
 e - a +4 ring of strength (left hand)
 g - an uncursed ring of magical power
 i - an uncursed ring of protection from magic
 l - a +3 ring of evasion (right hand)
 B - an uncursed ring of protection from cold
 I - an amulet of the gourmand (around neck)
Wands
 j - a wand of digging (9)
 n - a wand of flame (31)
 p - a wand of acid (19)
 D - a wand of polymorph (13)
 E - a wand of random effects (41)
Scrolls
 m - 8 scrolls of teleportation {!r}
 r - 2 scrolls of enchant armour {!r}
 s - 2 scrolls of fear {!r}
 v - a scroll of enchant weapon {!r}
 w - a scroll of remove curse {!r}
 A - a scroll of blinking {!r}
 F - 2 scrolls of identify {!r}
 G - a scroll of amnesia {!r}
 H - 3 scrolls of fog {!r, unknown}
Potions
 d - a potion of might {!q}
 o - a potion of haste {!q}
 u - 2 potions of cancellation {!q}
 x - 2 potions of lignification {!q}
Comestibles
 f - 13 rations


   Skills:
 - Level 2.6 Fighting
 - Level 10.8 Axes
 - Level 3.2 Armour
 - Level 3.2 Shields
 + Level 14.4 Invocations


You had 7 spell levels left.
You knew the following spells:

 Your Spells              Type           Power        Failure   Level  Hunger
a - Sticks to Snakes      Tmut           #.......     100%        2    ###....


Dungeon Overview and Level Annotations

Branches:
Dungeon (10/15)            Temple (1/1) D:5            Lair (0/6) D:8
    Orc: D:9-12

Altars:
Ashenzari
Cheibriados
Elyvilon
Gozag
Hepliaklqana
Makhleb
Nemelex Xobeh
Okawaru
Ru
Sif Muna
Trog
Uskayaw
Vehumet
Xom
Zin
The Shining One

Shops:
D:8 (   D:9 *


Innate Abilities, Weirdness & Mutations

You are resistant to damage.
You can heal yourself by infusing magical energy.
You passively map the area around you.
You do not regenerate.


Message History

Put on which piece of jewellery? (? for menu, Esc to quit)
You feel a craving for the dungeon's cuisine.
I - an amulet of the gourmand (around neck)
You see here 24 stones.
Some of the chunks of flesh in your inventory have rotted away.
Key pressed, stopping explore.
There is a radiant altar of Vehumet here.
There is a stone staircase leading up here.
Done exploring.
Done exploring.
Done exploring.
Eating one of 3 chunks of flesh.
You eat one of the 3 chunks of flesh.
This raw flesh tastes terrible.
That was not very filling.
Eating one of 2 chunks of flesh.
You eat one of the 2 chunks of flesh.
This raw flesh tastes terrible.
That was not very filling.
Eating a chunk of flesh.
You eat the chunk of flesh.
This raw flesh tastes terrible.
That was not very filling.
There is a stone staircase leading down here.
You climb downwards.
Found a scroll labeled VUBUKA RAGGI.
Found a stone staircase leading down.
There is a stone staircase leading up here.
H - 3 scrolls labeled VUBUKA RAGGI {!r} (gained 1)
There is a stone staircase leading up here.
You open the door. 2 orcs come into view.
The orc shouts! x2; You hear a shout!
An orc warrior comes into view. It is wielding a trident.
Really read
F - 3 scrolls of identify {!r}?
As you read the scroll of identify {!r}, it crumbles to dust.
G - a scroll of amnesia {!r}
Press: ? - help, Shift-Dir - straight line, f - orc
Aim: an orc The stone arrow misses the orc.
Unknown command.
Press: ? - help, Shift-Dir - straight line, f/p - orc
Aim: an orc The glob of acid misses the orc.
An orc comes into view. It is wielding a trident.
Unknown command.
Press: ? - help, Shift-Dir - straight line, f/p - orc
Aim: an orc The stone arrow hits the orc.
You kill the orc!
Makhleb accepts your kill.
You feel better.
Unknown command.
Press: ? - help, Shift-Dir - straight line, f - orc warrior
Aim: an orc warrior, wielding a trident and wearing a plate armour The glob of acid hits the orc warrior.
The orc warrior is splashed with acid.
The acid corrodes the orc warrior!
The orc warrior is heavily wounded.
The orc warrior is splashed with acid.
The acid corrodes the orc warrior!
Unknown command.
Press: ? - help, Shift-Dir - straight line, f/p - orc warrior
Aim: an orc warrior, wielding a trident and wearing a plate armour (severely wounded, covered in acid)
The puff of flame hits the orc warrior.
The orc warrior is almost dead.
Unknown command.
Press: ? - help, Shift-Dir - straight line, f/p - orc warrior
Aim: an orc warrior, wielding a trident and wearing a plate armour (almost dead, covered in acid)
The puff of flame hits the orc warrior.
The orc warrior is almost dead.
The orc warrior hits you from afar with a trident!
You die...

** , * ########## ,
######........# , *
, , #.ooo'@.......#
,,
*...####.....>..#***
* ** #........# , ,
, , #........+,* ,
,, * #........# , *
* #........#
#####+#### , * * + *
*


You could see an orc warrior and 2 orcs.

Vanquished Creatures
  Pikel (D:4)
  A troll (D:9)
  Grinder (D:5)
  5 yaks (D:9)
  Menkaure (D:5)
  A porcupine (D:8)
  2 orc warriors
  3 black bears
  2 phantoms
  An ice beast (D:7)
  A sky beast (D:7)
  3 ogres
  A centaur (D:8)
  A crocodile (D:8)
  A big kobold (D:9)
  Blork the orc (D:5)
  5 bullfrogs
  A scorpion (D:8)
  4 wights (D:7)
  2 howler monkeys
  3 crimson imps
  3 hounds
  3 orc wizards
  8 orc priests
  An iguana (D:7)
  A centaur skeleton (D:9)
  10 worker ants
  A killer bee zombie (D:7)
  7 gnolls
  A howler monkey zombie (D:6)
  15 adders
  A shadow imp (D:5)
  2 oozes
  An adder zombie (D:5)
  A worm (D:4)
  A dart slug (D:1)
  8 leopard geckos
  25 orcs
  4 giant cockroaches
  5 goblins (D:1)
  8 hobgoblins
  9 jackals
  2 quokkas
  2 ball pythons
  8 bats
  5 frilled lizards
  A jackal skeleton (D:7)
  12 kobolds
  A leopard gecko skeleton (D:4)
  A quokka skeleton (D:4)
  7 rats
195 creatures vanquished.

Vanquished Creatures (others)
  An orc (D:4)
1 creature vanquished.

Grand Total: 196 creatures vanquished

Notes
Turn   | Place    | Note
-------+----------+-------------------------------------------
     0 | D:1      | Amnesiac the Deep Dwarf Fighter began the quest for the Orb.
     0 | D:1      | Reached XP level 1. HP: 20/20 MP: 1/1
   152 | D:2      | Reached XP level 2. HP: 27/27 MP: 2/2
   449 | D:3      | Reached XP level 3. HP: 15/33 MP: 3/3
   633 | D:5      | Entered Level 5 of the Dungeon
   644 | D:5      | Reached XP level 4. HP: 33/40 MP: 3/3
   659 | D:4      | Reached skill level 5 in Axes
   669 | D:4      | Noticed a phantom
   706 | D:4      | Killed a phantom
   706 | D:4      | Reached XP level 5. HP: 34/46 MP: 4/4
   873 | D:4      | Noticed an ogre
   921 | D:4      | Killed an ogre
   921 | D:4      | Reached XP level 6. HP: 21/55 MP: 5/5
   969 | D:4      | Noticed Pikel
   971 | D:4      | Noticed a slave
   971 | D:4      | Noticed a slave
   975 | D:4      | Noticed a slave
   978 | D:4      | Noticed a slave
  1010 | D:4      | Killed Pikel
  1010 | D:4      | Reached XP level 7. HP: 37/61 MP: 6/6
  1301 | D:5      | Reached skill level 10 in Axes
  1408 | D:5      | Noticed Menkaure
  1414 | D:5      | Killed Menkaure
  1414 | D:5      | Reached XP level 8. HP: 30/68 MP: 7/7
  1505 | D:5      | Noticed Blork the orc
  1522 | D:5      | Killed Blork the orc
  1660 | D:5      | Found a staircase to the Ecumenical Temple.
  1663 | D:5      | Noticed Grinder
  1668 | Temple   | Entered the Ecumenical Temple
  1682 | Temple   | Became a worshipper of Makhleb the Destroyer
  1714 | D:5      | Killed Grinder
  1714 | D:5      | Reached skill level 4 in Invocations
  2151 | D:1      | Found a shimmering altar of Xom.
  2249 | D:1      | Reached * piety under Makhleb
  2745 | D:2      | Reached skill level 5 in Invocations
  3313 | D:3      | Reached ** piety under Makhleb
  3467 | D:3      | Reached skill level 6 in Invocations
  4127 | D:6      | Reached skill level 7 in Invocations
  4147 | D:6      | Found a shattered altar of Ashenzari.
  4301 | D:6      | Reached skill level 8 in Invocations
  4432 | D:6      | Found an iron altar of Okawaru.
  4445 | D:6      | Found a sparkling altar of Nemelex Xobeh.
  4448 | D:6      | Found a sacrificial altar of Ru.
  4462 | D:6      | Found an opulent altar of Gozag.
  4748 | D:6      | Found a glowing silver altar of Zin.
  4749 | D:6      | Found a white marble altar of Elyvilon.
  4750 | D:6      | Found a glowing golden altar of the Shining One.
  4804 | D:7      | Gained mutation: You passively map the area around you. [Deep Dwarf growth]
  4804 | D:7      | Reached XP level 9. HP: 12/74 MP: 14/14
  5044 | D:7      | HP: 1/74 [orc/morningstar (8)]
  5107 | D:7      | Reached skill level 9 in Invocations
  5277 | D:7      | Reached skill level 10 in Invocations
  5303 | D:7      | Reached *** piety under Makhleb
  5340 | D:7      | Found a hazy altar of Hepliaklqana.
  5648 | D:8      | Reached skill level 11 in Invocations
  5821 | D:8      | Learned a level 2 spell: Sticks to Snakes
  5832 | D:8      | Found Jocwor's Antique Weapon Emporium.
  5842 | D:8      | Reached skill level 12 in Invocations
  6048 | D:8      | Found a staircase to the Lair.
  6194 | D:9      | Found a radiant altar of Vehumet.
  6310 | D:9      | Noticed a troll
  6344 | D:9      | Reached skill level 13 in Invocations
  6344 | D:9      | Reached **** piety under Makhleb
  6359 | D:9      | Got an encrusted whip
  6427 | D:9      | Reached XP level 10. HP: 46/81 MP: 17/19
  6478 | D:9      | Reached skill level 14 in Invocations
  6687 | D:9      | Found Imyatiob's Assorted Antiques.
  6690 | D:9      | Bought 2 scrolls labeled VUBUKA RAGGI for 60 gold pieces
  6690 | D:9      | Bought a small beryl amulet for 150 gold pieces
  6832 | D:10     | Entered Level 10 of the Dungeon
  6845 | D:10     | Slain by an orc warrior

Vault maps used:
D:1:      saegor_arrival_under_anarchy, hangedman_abyss_or_decor_stabs,
          minmay_misc_feat_rows, xom_teletrap_fun
D:2:      kennysheep_generic_room_8
D:4:      first_ration, uniq_pikel
D:5:      temple_fountains, minivault_19, uniq_menkaure, uniq_grinder,
          uniq_blork_the_orc
D:6:      good_gods_temple_1, grunt_temple_overflow_cloverleaf, basic_altar
D:7:      overflow_temple_1_default
D:8:      grunt_lair_entry_orc_guard_hut, serial_shops, shop
D:9:      lemuel_crystal_altar, serial_shops, shop
D:10:     uniq_fannar
Temple:   dshaligram_water_room_temple

Skill      XL: |  1  2  3  4  5  6  7  8  9 10 |
---------------+-------------------------------+-----
Axes           | 3 4 6 7 9 10 | 10.8
Invocations    | 8 13 14 | 14.4
Fighting       | |  2.6
Armour         | |  3.2
Shields        | |  3.2

Action                   |  1- 3 |  4- 6 |  7- 9 | 10-12 || total
-------------------------+-------+-------+-------+-------++-------
Melee: War axe           |    51 |       |   107 |       ||   158
       Trident           |    33 |   127 |   346 |       ||   506
       Broad axe         |       |       |    37 |    24 ||    61
Invok: Minor Destruction |       |       |    98 |    23 ||   121
       Major Destruction |       |       |       |     2 ||     2
 Abil: Heal Wounds       |     1 |     4 |     4 |       ||     9
Evoke: Wand              |       |       |     1 |       ||     1
  Use: Scroll            |     1 |     1 |     9 |     1 ||    12
       Potion            |       |     1 |    15 |       ||    16
  Eat: Chunk             |       |     1 |    18 |     4 ||    23
Armor: Scale mail        |    31 |       |    63 |     9 ||   103
       Chain mail        |    21 |    35 |   122 |       ||   178
Dodge: Dodged            |    20 |    17 |   140 |     9 ||   186
Block: Shield            |    43 |    51 |   218 |    13 ||   325

Table legend:
 A = Spawn XP
 B = Non-spawn XP
 C = Spawn XP percentage of total XP
 D = Spawn monster count
 E = Non-spawn monster count
 F = Spawn count percentage of total count
 G = Total turns spent on level
                    A         B        C        D         E        F      G
               +---------+---------+-------+---------+---------+-------+---------
         Total |       0 |    7072 |   0.0 |       0 |     195 |   0.0 |  6845
               +---------+---------+-------+---------+---------+-------+---------
           D:1 |       0 |      52 |   0.0 |       0 |      28 |   0.0 |   800
           D:2 |       0 |     130 |   0.0 |       0 |      17 |   0.0 |   768
           D:3 |       0 |     264 |   0.0 |       0 |      31 |   0.0 |  1117
           D:4 |       0 |    1083 |   0.0 |       0 |      18 |   0.0 |   646
           D:5 |       0 |     852 |   0.0 |       0 |      16 |   0.0 |   730
           D:6 |       0 |     416 |   0.0 |       0 |      13 |   0.0 |   695
           D:7 |       0 |     920 |   0.0 |       0 |      24 |   0.0 |   849
           D:8 |       0 |    1162 |   0.0 |       0 |      18 |   0.0 |   570
           D:9 |       0 |    2190 |   0.0 |       0 |      29 |   0.0 |   633
          D:10 |       0 |       3 |   0.0 |       0 |       1 |   0.0 |    13
               +---------+---------+-------+---------+---------+-------+---------
